 Dungeon Crawl Stone Soup version 0.24.0-123-gd5b16e6ec5 (webtiles) character file.

Game seed: 14040069044057548722, levelgen mode: deterministic

394 FishyPogo the Skirmisher (level 6, -2/53 HPs)
             Began as a Draconian Skald on Jan 2, 2020.
             Slain by a worker ant (5 damage)
             ... on level 5 of the Dungeon.
             The game lasted 00:10:52 (2959 turns).

FishyPogo the Skirmisher (Draconian Skald)          Turns: 2959, Time: 00:10:53

Health: -2/53      AC: -1    Str: 13    XL:     6   Next: 51%
Magic:  9/9        EV: 14    Int: 13    God:
Gold:   143        SH:  0    Dex: 13    Spells: 1/9 levels left

rFire    . . .     SeeInvis .   b - +3 dagger (holy)
rCold    . . .     Gourm    .   (no shield)
rNeg     . . .     Faith    .   (armour unavailable)
rPois    .         Spirit   .   (helmet restricted)
rElec    .         Reflect  .   h - +0 cloak
rCorr    .         Harm     .   (no gloves)
MR       .....                  (no boots)
Stlth    ..........             (no amulet)
HPRegen  0.17/turn              q - ring of attention (curse)
MPRegen  0.11/turn              (no ring)

@: corroded
A: unfitting armour, cold-blooded, AC +6
a: no special abilities


You were on level 5 of the Dungeon.
You were not hungry.

You visited 1 branch of the dungeon, and saw 5 of its levels.

You collected 143 gold pieces.

Inventory:

Hand Weapons
 a - a +0 falchion
 b - a +3 dagger of holy wrath (weapon)
Missiles
 e - 38 stones (quivered)
 g - 15 poisoned darts
Armour
 h - a +0 cloak (worn)
Jewellery
 q - a cursed ring of attention (left hand)
Scrolls
 k - a scroll of enchant armour {unknown}
 l - 2 scrolls of immolation {unknown}
 m - a scroll of noise {unknown}
 o - a scroll of fog {unknown}
 p - a scroll of identify
 u - a scroll of remove curse
Potions
 d - a potion of degeneration {unknown}
 f - 2 potions of agility
 j - a potion of mutation {unknown}
 n - a potion of heal wounds {unknown}
 r - 2 potions of lignification
 s - a potion of might {unknown}
 t - a potion of curing {unknown}
 v - a potion of flight
Comestibles
 c - 6 rations
 i - a chunk of flesh


   Skills:
 + Level 4.6 Fighting
 - Level 2.0 Long Blades
 - Level 4.0 Dodging
 - Level 2.0 Spellcasting
 - Level 4.0 Charms
 + Level 2.1 Necromancy


You had one spell level left.
You knew the following spells:

 Your Spells              Type           Power        Failure   Level  Hunger
h - Regeneration          Chrm/Necr      #.........   22%         3    ####...
p - Shroud of Golubria    Chrm/Tloc      #.....       17%         2    ###....
u - Song of Slaying       Chrm           ##......     8%          2    ###....
y - Infusion              Chrm           ##..         4%          1    ##.....

Your spell library contained the following spells:

 Spells                   Type           Power        Failure   Level  Hunger
 Spectral Weapon          Hex/Chrm       #.......     32%         3    ####...


Dungeon Overview and Level Annotations

Branches:
Dungeon (5/15)
 Temple: D:4-7

Altars:
Elyvilon
Gozag
Okawaru
Ru
Vehumet

Annotations:
D:4 Edmund, Eustachio


Innate Abilities, Weirdness & Mutations

Your plain brown scales are hard. (AC +6)
You cannot fit into any form of body armour.
You are cold-blooded and may be slowed by cold attacks.


Message History

The jelly is almost dead.
The jelly barely misses you.
You barely miss the jelly.
The jelly is almost dead.
The worker ant bites you!
* * * LOW HITPOINT WARNING * * *
The jelly misses you.
You hit the jelly but do no damage. The acid corrodes you!
Your hands burn!
* * * LOW HITPOINT WARNING * * *
You tail-slap the jelly, but do no damage.
The jelly is almost dead.
The worker ant closely misses you. The jelly hits you.
* * * LOW HITPOINT WARNING * * *
You are splashed with acid!
* * * LOW HITPOINT WARNING * * *
You hit the jelly.
Your hands burn!
* * * LOW HITPOINT WARNING * * *
The jelly is almost dead.
The worker ant bites you.
You die...

*,*,***,*,*,,*,* *,* *,,,*,*
*,,,,,,,,,#..#.* *,* *,,,*,*
***,*,,,,,*..#.##### *,***,,,*,*
*,*****,*,.......* *,,,,,,**,*
*,,,,,,,,,,......**###*******,*
***********,,,....,*......,,,,*,*
,,,,,,,,,,#####<.###......,,,,*,*
,*********#8$.#.as........,,,,*,*
,* #_.$.$@J.$.$....,,,,*,, ,*
#8$.#...........,,,,*** ,*
##**##.###......,,,,*** ,*
#..........,,,,+,, ,*
###.#.....,,,,,*** ,*
#.#,,...,,,,,+,, ,*
#.#,,,,?,,,,,*** ,*
#.#,,,,,,,,,,* ,* #.#*****,*****


You could see a jelly, a worker ant and a giant cockroach.

Vanquished Creatures
  A centaur (D:5)
  A howler monkey (D:3)
  A bullfrog skeleton (D:3)
  A centaur skeleton (D:3)
  Jessica (D:3)
  A worker ant (D:3)
  6 gnolls (D:3)
  3 adders (D:2)
  An adder skeleton (D:3)
  A worm (D:2)
  2 dart slugs
  3 leopard geckos
  An orc (D:3)
  9 bats
  6 giant cockroaches
  11 goblins
  10 hobgoblins
  4 jackals
  A quokka (D:5)
  5 frilled lizards
  4 kobolds
  A leopard gecko zombie (D:5)
  10 rats
84 creatures vanquished.

Notes
Turn   | Place    | Note
-------+----------+-------------------------------------------
     0 | D:1      | FishyPogo the Draconian Skald began the quest for the Orb.
     0 | D:1      | Reached XP level 1. HP: 17/17 MP: 3/3
     3 | D:1      | Noticed an electric eel
     3 | D:1      | Noticed an electric eel
   158 | D:1      | Reached XP level 2. HP: 5/25 MP: 5/5
  1021 | D:2      | Reached XP level 3. HP: 11/30 MP: 6/6
  1379 | D:2      | Found a sacrificial altar of Ru.
  1414 | D:2      | Learned a level 2 spell: Song of Slaying
  1418 | D:2      | Learned a level 3 spell: Regeneration
  1603 | D:2      | Reached XP level 4. HP: 38/38 MP: 7/7
  1916 | D:2      | Found a radiant altar of Vehumet.
  2031 | D:3      | Reached XP level 5. HP: 25/45 MP: 8/8
  2041 | D:3      | Found a white marble altar of Elyvilon.
  2053 | D:3      | Noticed Jessica
  2064 | D:3      | Killed Jessica
  2257 | D:3      | Reached skill level 1 in Necromancy
  2284 | D:3      | Reached XP level 6. HP: 44/52 MP: 9/9
  2288 | D:3      | Learned a level 2 spell: Shroud of Golubria
  2446 | D:3      | Found an iron altar of Okawaru.
  2735 | D:4      | Noticed Edmund
  2786 | D:4      | Noticed Eustachio
  2882 | D:5      | Entered Level 5 of the Dungeon
  2948 | D:5      | Found an opulent altar of Gozag.
  2959 | D:5      | Slain by a worker ant

Levels and vault maps discovered:
D:1:      arrival_aquarium_b, layout_loops_ring, minmay_domino_4
D:2:      layout_loops_corners, old_standard_altar,
          nicolae_overflow_hidden_temple
D:3:      layout_loops_ring, kennysheep_okawaru_gauntlet, elyvilon_altar_3,
          uniq_jessica
D:4:      layout_cave_pods, nemelex_xobeh_ov_fountains_minmay, zin_academy,
          first_ration, uniq_eustachio, uniq_grinder, uniq_edmund
D:5:      layout_basic, grunt_gozag_breadcrumbs, lightli_sewer_entry_pipes

Skill      XL: |  1  2  3  4  5  6 |
---------------+-------------------+-----
Charms         | 3 4 |  4.0
Fighting       | 3 4 |  4.6
Dodging        | 3 4 |  4.0
Necromancy     | 1 2 |  2.1
Long Blades    | |  2.0
Spellcasting   | |  2.0

Action                   |  1- 3 |  4- 6 || total
-------------------------+-------+-------++-------
Melee: Whip              |    33 |       ||    33
       Falchion          |   108 |    61 ||   169
       Tailslap          |    19 |    34 ||    53
       Dagger            |       |   115 ||   115
Throw: Stone             |       |     7 ||     7
 Cast: Infusion          |     1 |       ||     1
       Song of Slaying   |       |     1 ||     1
       Shroud of Golubri |       |     3 ||     3
  Use: Scroll            |     3 |     4 ||     7
 Stab: Sleeping          |     2 |       ||     2
  Eat: Chunk             |     2 |     5 ||     7
Armor: Skin              |    35 |    45 ||    80
Dodge: Dodged            |    93 |   117 ||   210
       Rpst.: Falchion   |    27 |    11 ||    38
